 Dungeon Crawl Stone Soup version 0.24-a0-504-gcfb02b9d07 (webtiles) character file.

Game seed: 2334858410903480500

108 KristoblXynda the Slasher (level 4, -4/38 HPs)
             Began as a Draconian Fighter on July 16, 2019.
             Killed by nerve-wracking pain
             ... invoked by an orc priest
              (11 damage)
             ... on level 3 of the Dungeon.
             The game lasted 00:02:46 (2062 turns).

KristoblXynda the Slasher (Draconian Fighter)       Turns: 2062, Time: 00:02:47

Health: -4/38      AC:  5    Str: 18    XL:     4   Next: 58%
Magic:  4/4        EV: 16    Int:  9    God:
Gold:   53         SH:  9    Dex: 16    Spells: 3/3 levels left

rFire    . . .     SeeInvis .   a - +0 long sword
rCold    . . .     Gourm    .   b - +0 shield
rNeg     . . .     Faith    .   (armour unavailable)
rPois    .         Spirit   .   (helmet restricted)
rElec    .         Reflect  .   (no cloak)
rCorr    .         Harm     .   (no gloves)
MR       .....                  (no boots)
Stlth    ++........             (no amulet)
HPRegen  0.12/turn              (no ring)
MPRegen  0.09/turn              (no ring)

@: agile
A: unfitting armour, cold-blooded, AC +5
a: no special abilities


You were on level 3 of the Dungeon.
You were not hungry.

You visited 1 branch of the dungeon, and saw 3 of its levels.

You collected 53 gold pieces.

Inventory:

Hand Weapons
 a - a +0 long sword (weapon)
Armour
 b - a +0 shield (worn)
Jewellery
 i - an uncursed ring of protection from cold {unknown}
Scrolls
 f - a scroll of remove curse
Potions
 c - a potion of might
 e - a potion of mutation {unknown}
 g - a potion of haste {unknown}
 h - a potion of degeneration {unknown}
 j - a potion of agility
 k - a potion of magic {unknown}
Comestibles
 d - 5 rations
 l - 4 chunks of flesh


   Skills:
 - Level 3.2 Fighting
 * Level 3.7 Long Blades
 + Level 3.3 Dodging
 + Level 3.7 Shields


You had 3 spell levels left.
You didn't know any spells.
Your spell library was empty.

Dungeon Overview and Level Annotations

Branches:
Dungeon (3/15)

Altars:


Innate Abilities, Weirdness & Mutations

Your plain brown scales are hard. (AC +5)
You cannot fit into any form of body armour.
You are cold-blooded and may be slowed by cold attacks.


Message History

You tail-slap the orc priest, but do no damage.
The orc priest hits you with a +0 flail.
You slash the orc priest!
The orc priest is heavily wounded.
The orc priest hits you with a +0 flail.
You hit the orc priest.
The orc priest is heavily wounded.
The orc priest invokes the aid of Beogh against you.
Pain shoots through your body!
* * * LOW HITPOINT WARNING * * *
You closely miss the orc priest.
The orc priest is heavily wounded.
You block the orc priest's attack.
Unknown command.
The orc priest casts a cantrip, but nothing happens.
It was a potion of agility.
You feel agile all of a sudden.
The orc priest mumbles some strange prayers to Beogh against you.
Pain shoots through your body!
You die...

##..# #...#
#.#.# #.#.#
#.#.# #.#.#
#.#.###
#######<#.@.###
............o.#
#.#########.#.#
#..)#
.......#......#
#####....##.#.#
#..### .. ...##
.# #..#.. ..


You could see an orc priest.

Vanquished Creatures
  3 adders
  An ooze (D:1)
  3 worms
  3 dart slugs
  3 leopard geckos
  5 orcs
  2 bats (D:2)
  4 giant cockroaches
  2 goblins (D:1)
  7 hobgoblins
  5 jackals
  A ball python (D:1)
  6 frilled lizards
  6 kobolds
  2 rats
53 creatures vanquished.

Notes
Turn   | Place    | Note
-------+----------+-------------------------------------------
     0 | D:1      | KristoblXynda the Draconian Fighter began the quest for the
                  | Orb.
     0 | D:1      | Reached XP level 1. HP: 19/19 MP: 1/1
   192 | D:1      | Reached XP level 2. HP: 10/26 MP: 2/2
   738 | D:1      | Reached XP level 3. HP: 31/31 MP: 3/3
  1099 | D:2      | Reached XP level 4. HP: 35/38 MP: 4/4
  2062 | D:3      | Killed from afar by an orc priest

Levels and vault maps discovered:
D:1:      lemuel_arrival_lava_pool, layout_basic, minmay_misc_feat_chi
D:2:      layout_basic
D:3:      layout_loops_ring, old_standard_altar, gammafunk_ghost_mausoleum

Skill      XL: |  1  2  3 |
---------------+----------+-----
Dodging        | 3 |  3.3
Long Blades    | 3 |  3.7
Fighting       | |  3.2
Shields        | |  3.7

Action                   |  1- 3 |  4- 6 || total
-------------------------+-------+-------++-------
Melee: Long sword        |    91 |    57 ||   148
       Tailslap          |     6 |     9 ||    15
  Use: Scroll            |       |     1 ||     1
       Potion            |       |     1 ||     1
  Eat: Chunk             |     1 |     3 ||     4
Armor: Skin              |    20 |    17 ||    37
Dodge: Dodged            |    43 |    38 ||    81
Block: Shield            |    49 |    27 ||    76
       Rpst.: Long sword |    14 |    12 ||    26

Table legend:
 A = Non-vault XP
 B = Vault XP
 C = Vault XP percentage of total XP
 D = Non-vault monster count
 E = Vault monster count
 F = Vault count percentage of total count
                 A         B        C        D         E       F
            +---------+---------+-------+---------+---------+-------
      Total |     155 |       0 |   0.0 |      53 |       0 |   0.0
            +---------+---------+-------+---------+---------+-------
        D:1 |      44 |       0 |   0.0 |      21 |       0 |   0.0
        D:2 |      76 |       0 |   0.0 |      23 |       0 |   0.0
        D:3 |      35 |       0 |   0.0 |       9 |       0 |   0.0
            +---------+---------+-------+---------+---------+-------
